 Dungeon Sprint DCSS version 0.27-a0-1500-g450c7e4133 (webtiles) character file.

Game seed: 12645379627204868304

70 howech the Twirler (level 4, -1/60 HPs)
             Began as a Minotaur Gladiator on July 7, 2021.
             Was a Follower of Trog.
             Slain by a flying skull (5 damage)
             ... in the Dungeon (Sprint VII: "The Pits").
             The game lasted 00:01:55 (89 turns).

howech the Twirler (Minotaur Gladiator)               Turns: 89, Time: 00:01:56

Health: -1/60      AC:  3    Str: 19    XL:     4   Next: 4%
Magic:  3/3        EV: 13    Int:  5    God:    Trog [*.....]
Gold:   0          SH:  0    Dex: 12    Spells: 3/3 levels left

rFire    . . .     SeeInvis .   k - +2 quarterstaff
rCold    . . .     Faith    .   (shield currently unavailable)
rNeg     . . .     Spirit   .   b - +0 leather armour
rPois    .         Reflect  .   c - +0 hat
rElec    .         Harm     .   (no cloak)
rCorr    .         Rampage  .   (no gloves)
Will     .....     NoTele   +   (no boots)
Stlth    ..........             (no amulet)
HPRegen  0.20/turn              (no ring)
MPRegen  0.08/turn              (no ring)

@: berserking, very quick
A: horns 2, retaliatory headbutt
a: Renounce Religion, Berserk


You were in the Dungeon.
You worshipped Trog.
Trog was aware of your devotion.
You visited 1 branch

Inventory:

Hand Weapons
 a - a +0 quarterstaff
 k - a +2 quarterstaff (weapon)
Missiles
 d - 3 throwing nets (quivered)
Armour
 b - a +0 leather armour (worn)
 c - a +0 hat (worn)
Scrolls
 j - a scroll of blinking
Potions
 f - a potion of heal wounds
 g - a potion of haste
 h - 4 potions of magic
 i - 3 potions of berserk rage
 l - 2 potions of invisibility


   Skills:
 + Level 4.0 Fighting
 + Level 3.0 Axes
 * Level 6.0 Staves
 + Level 3.3 Throwing
 + Level 3.1 Armour
 + Level 4.4 Dodging
 + Level 2.2 Evocations


You had 3 spell levels left.
You didn't know any spells.
Your spell library was empty.

Dungeon Overview and Level Annotations

Branches:
Dungeon (1/1)

Altars:
Cheibriados
Dithmenos
Elyvilon
Fedhas
Gozag
Hepliaklqana
Makhleb
Nemelex Xobeh
Okawaru
Qazlal
Ru
Sif Muna
Trog
Vehumet
Wu Jian
Xom
Yredelemnul
Zin
The Shining One
Beogh
Jiyva
Lugonu


Innate Abilities, Weirdness & Mutations

You have a pair of horns on your head.
You reflexively headbutt those who attack you in melee.


Message History

The flying skull hits you! The floating eye's view fixates on you.
The flying skull hits you.
* * * LOW HITPOINT WARNING * * *
Unknown command.
There is an open door here.
Okay, then.
A red film seems to cover your vision as you go berserk!
You feel yourself moving faster!
You feel mighty! The flying skull misses you. The flying skull hits you.
* * * LOW HITPOINT WARNING * * *
The floating eye gazes piercingly through you!
You suddenly lose the ability to move!
The flying skull hits you but does no damage.
The floating eye's view fixates on you.
You can move again.
Unknown command.
Unknown command.
You closely miss the flying skull. The flying skull barely misses you.
You hit the flying skull.
The flying skull is moderately damaged.
The flying skull misses you.
The floating eye gazes piercingly through you!
You shrug off the repeated paralysis!
You closely miss the flying skull.
The flying skull is moderately damaged.
The flying skull hits you.
* * * LOW HITPOINT WARNING * * *
You miss the flying skull. Your headbutt misses the flying skull.
The flying skull is moderately damaged.
The flying skull hits you!
* * * LOW HITPOINT WARNING * * *
You closely miss the flying skull.
The flying skull is moderately damaged.
The flying skull misses you.
The floating eye's stare focuses on you.
You completely miss the flying skull.
The flying skull is moderately damaged.
The flying skull hits you.
You die...

________.#
______...###########
##########'##.........
#.?(.')))'.##......#..
##########.##.........
#...........'.........
#+#####'#####......#..
#.)#..#..##.........
#..@..'..#####'#####
##z####+###.......#
#.G.s....##.......#
#........##.......#
#####+#####...<...#
#.......# #.......#
#.......# #########


You could see a flying skull and a floating eye (charged).

Vanquished Creatures
  A scorpion (D)
  An ufetubus (D)
  2 bats (D)
  A kobold (D)
  A ball python skeleton (D)
6 creatures vanquished.

Notes
Turn   | Place    | Note
-------+----------+-------------------------------------------
     0 | D        | howech the Minotaur Gladiator began the quest for the Orb.
     0 | D        | Reached XP level 1. HP: 18/18 MP: 0/0
    18 | D        | Found a bloodstained altar of Trog.
    18 | D        | Found a shimmering blue altar of Sif Muna.
    18 | D        | Found a viscous altar of Jiyva.
    18 | D        | Found a hazy altar of Hepliaklqana.
    18 | D        | Found an opulent altar of Gozag.
    19 | D        | Found a glowing golden altar of the Shining One.
    19 | D        | Found a glowing silver altar of Zin.
    19 | D        | Found a basalt altar of Yredelemnul.
    19 | D        | Found a shimmering altar of Xom.
    19 | D        | Found an ornate altar of the Wu Jian Council.
    19 | D        | Found a sacrificial altar of Ru.
    19 | D        | Found a stormy altar of Qazlal.
    19 | D        | Found an iron altar of Okawaru.
    19 | D        | Found a sparkling altar of Nemelex Xobeh.
    19 | D        | Found a burning altar of Makhleb.
    19 | D        | Found a blossoming altar of Fedhas.
    19 | D        | Found a white marble altar of Elyvilon.
    19 | D        | Found a shadowy altar of Dithmenos.
    19 | D        | Found a snail-covered altar of Cheibriados.
    20 | D        | Found a radiant altar of Vehumet.
    20 | D        | Found a corrupted altar of Lugonu.
    22 | D        | Became a worshipper of Trog the Wrathful
    56 | D        | Noticed a scorpion
    59 | D        | Killed a scorpion
    60 | D        | Reached skill level 5 in Staves
    60 | D        | Reached XP level 2. HP: 11/27 MP: 1/1
    60 | D        | Reached XP level 3. HP: 13/33 MP: 2/2
    60 | D        | Reached * piety under Trog
    61 | D        | Reached XP level 4. HP: 26/40 MP: 3/3
    74 | D        | Reached skill level 6 in Staves
    79 | D        | Noticed a floating eye
    79 | D        | Noticed a flying skull
    79 | D        | Noticed a scorpion
    82 | D        | Paralysed by a floating eye for 2 turns
    89 | D        | Slain by a flying skull

Illustrated notes

Levels and vault maps discovered:
D:        pitsprint [storerooms_1, entrance_room_1, metal_vault_5, armoury_2,
          mini_pit_1, grid_room_1, main_hall_1, silver_pit, the_coven_3,
          the_vestibule_1, steel_vault_5, golden_pit, hallway_of_sentries,
          crystal_vault_3, iron_vault_3, final_vault]

Skill      XL: |  1  2  3  4 |
---------------+-------------+-----
Fighting       | 4 |  4.0
Axes           | 2 3 |  3.0
Staves         | 5 6 |  6.0
Throwing       | 3 |  3.3
Armour         | 3 |  3.1
Dodging        | 4 |  4.4
Evocations     | 2 |  2.2

Action                   |  1- 3 |  4- 6 || total
-------------------------+-------+-------++-------
Melee: Quarterstaff      |     5 |    11 ||    16
       Headbutt          |     3 |       ||     3
Invok: Berserk           |       |     1 ||     1
  Use: Potion            |     1 |       ||     1
Armor: Leather armour    |     1 |     8 ||     9
Dodge: Dodged            |     6 |    10 ||    16

Table legend: (Time is in decaauts)
 A = Elapsed time spent in this place.
 B = Non-inter-level travel time spent in this place.
 C = Inter-level travel time spent in this place.
 D = Time resting spent in this place.
 E = Time spent auto-exploring this place.
 F = Levels seen in this place.
 G = Mean time per level.
                   A        B        C        D        E       F      G
               +--------+--------+--------+--------+--------+-----+--------+
         Total |     87 |     87 |      0 |      0 |      0 |   1 |   87.0 |
       Dungeon |     87 |     87 |      0 |      0 |      0 |   1 |   87.0 |
               +--------+--------+--------+--------+--------+-----+--------+

Top non-repeatable levels by time:
       D: 87 daAuts
